 Dungeon Crawl Stone Soup version 0.28.0-45-g0d030f2227 (webtiles) character file.

Game seed: 16788449586518283529

25 pkoi the Gusty (level 2, -1/20 HPs)
             Began as a Demigod Air Elementalist on Apr 21, 2022.
             Slain by a gnoll
             ... wielding a +0 spear
              (7 damage)
             ... on level 2 of the Dungeon.
             The game lasted 00:01:40 (1805 turns).

pkoi the Gusty (Demigod Air Elementalist)           Turns: 1805, Time: 00:01:40

Health: -1/20      AC:  2    Str:  9    XL:     2   Next: 63%
Magic:  0/7        EV: 12    Int: 17    God:
Gold:   31         SH:  0    Dex: 14    Spells: 1/4 levels left

rFire   . . .      SeeInvis .   d - +2 short sword (flame)
rCold   . . .      Faith    .   (no shield)
rNeg    . . .      Spirit   .   a - +0 robe
rPois   .          Reflect  .   (no helmet)
rElec   .          Harm     .   (no cloak)
rCorr   .          Rampage  .   (no gloves)
Will    .....                   (no boots)
Stlth   ++........              (no amulet)
HPRegen 0.06/turn               (no ring)
MPRegen 0.10/turn               (no ring)

@: very slightly contaminated
A: high MP 1, forlorn, divine attributes
a: no special abilities


You were on level 2 of the Dungeon.
You visited 1 branch of the dungeon, and saw 2 of its levels.

You collected 31 gold pieces.

Inventory:

Hand Weapons
 d - a +2 short sword of flaming (weapon)
Armour
 a - a +0 robe (worn)
Jewellery
 c - a +4 ring of protection
 e - a ring of flight
Scrolls
 b - a scroll of amnesia {unknown}
 g - a scroll of fog {unknown}
 h - a scroll of noise {unknown}
 i - 2 scrolls of identify {unknown}
Potions
 f - a potion of might {unknown}


   Skills:
 - Level 1.7 Dodging
 - Level 1.7 Stealth
 + Level 1.9 Spellcasting
 + Level 1.1 Conjurations
 * Level 3.5 Air Magic


You had one spell level left.
You knew the following spells:

 Your Spells              Type           Power      Damage    Failure   Level
a - Shock                 Conj/Air       36%        1d5       8%          1
b - Static Discharge      Conj/Air       9%         N/A       12%         2

Your spell library contained the following spells:

 Spells                   Type           Power      Damage    Failure   Level
 Swiftness                Air            13%        N/A       14%         3
 Airstrike                Air            6%         N/A       41%         4


Dungeon Overview and Level Annotations

Branches:
Dungeon (2/15)


Innate Abilities, Weirdness & Mutations

You have an increased reservoir of magic. (+10% MP)
You shall have no god before yourself.
Your divine heritage dramatically boosts your attributes as you level up.


Message History

The gnoll shouts!
A gnoll comes into view. It is wielding a +0 spear. x2
The zap hits the gnoll.
The gnoll is moderately wounded.
The gnoll shouts! x2
The zap hits the gnoll.
The gnoll is heavily wounded.
The zap hits the gnoll.
The gnoll is heavily wounded.
The zap hits the gnoll but does no damage.
The gnoll is heavily wounded.
The zap hits the gnoll.
The gnoll is moderately wounded.
You miscast Shock.
You are very lightly contaminated with residual magic.
Nothing appears to happen.
You miscast Shock.
Nothing appears to happen.
The zap hits the gnoll.
The gnoll is heavily wounded.
The zap hits the gnoll.
The gnoll is severely wounded.
You miscast Shock.
Nothing appears to happen.
You don't have enough magic to cast this spell.
You don't have enough magic to cast this spell.
Unknown command.
The gnoll hits you with a +0 spear.
* * * LOW HITPOINT WARNING * * *
You closely miss the gnoll.
The gnoll is moderately wounded.
The gnoll hits you with a +0 spear.
* * * LOW HITPOINT WARNING * * *
The gnoll hits you from afar with a +0 spear.
* * * LOW HITPOINT WARNING * * *
You hit the gnoll but do no damage.
The gnoll is moderately wounded.
The gnoll closely misses you.
The gnoll hits you from afar with a +0 spear.
* * * LOW HITPOINT WARNING * * *
The gnoll hits you from afar with a +0 spear!
You die...

...# ...# ...# ...#
...# ..(# ##.#
#.###################
#..........ggg.@....#
#.################.##
##†# ............#
...# ####...#####
...# #.......# ...#
#...###.# ##.#
#..<#.#.# #.#
#.<<..#.# #.#
...#÷#.###.#


You could see 3 gnolls.

Vanquished Creatures
  An adder (D:1)
  2 ball pythons (D:1)
  A bat (D:1)
  2 endoplasms (D:1)
  2 goblins (D:1)
  2 hobgoblins (D:1)
  2 frilled lizards
  A kobold (D:1)
  2 rats
15 creatures vanquished.

Vanquished Creatures (others)
  4 plants (D:2)
4 creatures vanquished.

Grand Total: 19 creatures vanquished

Notes
Turn   | Place    | Note
-------+----------+-------------------------------------------
     0 | D:1      | pkoi the Demigod Air Elementalist began the quest for the
                  | Orb.
     0 | D:1      | Reached XP level 1. HP: 14/14 MP: 5/5
   373 | D:1      | Reached skill level 3 in Air Magic
   788 | D:1      | Reached XP level 2. HP: 13/20 MP: 2/7
   897 | D:1      | Learned a level 2 spell: Static Discharge
  1101 | D:1      | Reached skill level 1 in Conjurations
  1805 | D:2      | Slain by a gnoll

Illustrated notes

Levels and vault maps discovered:
D:1:      kilobyte_arrival_exit_the_forest, layout_loops_cross,
          shapermc_ecumenical_altar_acropolis
D:2:      wad_lake_hut, layout_basic, grunt_decor_fettered

Skill      XL: |  1  2 |
---------------+-------+-----
Air Magic      | 3 |  3.5
Conjurations   | 1 |  1.1
Dodging        | |  1.7
Stealth        | |  1.7
Spellcasting   | |  1.9

Action                   || total
-------------------------++-------
Melee: Short sword       ||     9
 Cast: Shock             ||    35
Armor: Robe              ||     1
Dodge: Dodged            ||    20
